 Dungeon Crawl Stone Soup version 0.28-a0-909-g796cbd3a86 (webtiles) character file.

Game seed: 15531142873068722173

518 Zonian the Cutter (level 7, -7/52 HPs)
             Began as a Demonspawn Gladiator on Nov 25, 2021.
             Was a Believer of Okawaru.
             Mangled by a hornet (8 damage)
             ... on level 4 of the Dungeon.
             The game lasted 00:08:22 (6220 turns).

Zonian the Cutter (Demonspawn Gladiator)            Turns: 6220, Time: 00:08:23

Health: -7/52      AC:  5    Str: 14    XL:     7   Next: 1%
Magic:  6/8        EV: 16    Int: 10    God:    Okawaru [**....]
Gold:   126        SH:  9    Dex: 16    Spells: 6/6 levels left

rFire   x . .      SeeInvis .   i - +1 dagger (drain)
rCold   + . .      Faith    .   (no shield)
rNeg    . . .      Spirit   .   b - +0 leather armour
rPois   .          Reflect  +   c - +1 helmet
rElec   .          Harm     .   (no cloak)
rCorr   .          Rampage  .   (no gloves)
Will    .....                   (no boots)
Stlth   +++.......              B - amulet of reflection
HPRegen 0.17/turn               l - ring of wizardry
MPRegen 0.11/turn               o - ring of ice

@: heroic, slowed, very slow
A: powered by death 3, condensation shield, demonic touch 1
a: Renounce Religion, Heroism


You were on level 4 of the Dungeon.
You worshipped Okawaru.
Okawaru was pleased with you.
You visited 1 branch of the dungeon, and saw 4 of its levels.

You collected 126 gold pieces.

Inventory:

Hand Weapons
 a - a +0 trident
 d - a +3 dagger
 e - a +1 vorpal hand axe
 i - a +1 dagger of draining (weapon)
 m - a +2 falchion of draining
 v - a +0 hand crossbow
 w - a +2 hand axe of flaming
 A - a +0 lajatang
Missiles
 n - 10 poisoned darts (quivered)
Armour
 b - a +0 leather armour (worn)
 c - a +1 helmet (worn)
Jewellery
 l - a ring of wizardry (left hand)
 o - a ring of ice (right hand)
 u - a ring of ice
 B - an amulet of reflection (around neck)
Wands
 y - a wand of iceblast (5)
Scrolls
 g - a scroll of silence
 h - a scroll of vulnerability
 p - a scroll of identify
 r - a scroll of amnesia {unknown}
Potions
 f - 5 potions of invisibility
 j - a potion of curing
 k - 2 potions of haste
 q - 2 potions of flight
 s - 2 potions of might {unknown}
 x - a potion of magic {unknown}
 z - a potion of mutation {unknown}
 C - a potion of resistance {unknown}


   Skills:
 + Level 3.1(8.1) Fighting
 * Level 4.2(9.2) Short Blades
 - Level 3.0(8.0) Polearms
 - Level 1.8(6.8) Throwing
 + Level 4.0(9.0) Dodging
 + Level 1.6(6.6) Stealth
 + Level 1.4(6.4) Shields
 * Level 1.7 Invocations


You had 6 spell levels left.
You didn't know any spells.
Your spell library contained the following spells:

 Spells                   Type           Power      Damage    Failure   Level
 Ensorcelled Hibernation  Hex/Ice        0%         N/A       26%         2
 Spider Form              Tmut/Pois      0%         N/A       45%         3


Dungeon Overview and Level Annotations

Branches:
Dungeon (4/15)
 Temple: D:4-7

Altars:
Okawaru

Annotations:
D:4 3 runed translucent doors, Sabo's ghost, amateur DsGl


Innate Abilities, Weirdness & Mutations

You regenerate a lot of health from kills.
A meltable shield of frost defends you. (SH +4)
Your touch may inflict minor irresistible damage on your foes.


Message History

You throw a throwing net.
The throwing net completely misses the hornet.
You feel yourself speed up. The hornet stings you.
You feel yourself slow down. The hornet closely misses you.
Throw: 11 darts (poison)
Press: ? - help, Q - select action, (/) - cycle Shift-Dir - straight line, f/p - hornet
Aim: a hornet (severely wounded, lightly drained, 46% to hit)
You throw a poisoned dart.
The poisoned dart closely misses the hornet.
You block the hornet's attack. The hornet barely misses you.
You block the orc's attack.
You hit the hornet but do no damage. You drain the hornet.
Your touch misses the hornet.
The hornet is almost dead.
You feel yourself speed up. The hornet misses you. The orc barely misses you.
The hornet closely misses you.
Unknown command.
You miss the hornet. Your touch misses the hornet.
The hornet is almost dead.
The hornet barely misses you. The orc hits you with a +0 hand axe.
* * * LOW HITPOINT WARNING * * *
Unknown command.
You closely miss the hornet.
The hornet is almost dead.
The hornet stings you but does no damage.
The orc barely misses you.
Unknown command.
You gain the combat prowess of a mighty hero.
The hornet stings you.
* * * LOW HITPOINT WARNING * * *
You feel yourself slow down. The hornet stings you!
* * * LOW HITPOINT WARNING * * *
You feel as though you will be slow longer.
The orc barely misses you.
You hit the hornet.
The hornet is almost dead.
The hornet stings you!
You die...

## .. #..# .#
.+. #. #..# .
..+. #. #..#
#.#..+. ..
###..# .#)..#.
## .....#
rh...# #
#..#########. #
#............
###
#...†@o......
..#
####.##y###...(
#.#
####....##(.# .
#.##
##....######..#
#..###..####
#... ##.....##
###. ###...# #
#...#...#
##....#.#


You could see a hornet (drained), a hound, an orc and a quokka.

Vanquished Creatures
  A necrophage (D:4)
  A wyvern zombie (D:4)
  A scorpion (D:4)
  Terence (D:2)
  Natasha (thrice) (D:3)
  2 orc wizards
  2 hound skeletons (D:4)
  5 adders
  A worm (D:2)
  4 dart slugs
  10 orcs
  7 endoplasms
  7 giant cockroaches
  3 goblins
  4 hobgoblins
  3 quokkas
  6 ball pythons
  10 bats
  A frilled lizard (D:3)
  11 kobolds
  2 rats
85 creatures vanquished.

Vanquished Creatures (others)
  8 plants (D:3)
8 creatures vanquished.

Grand Total: 93 creatures vanquished

Notes
Turn   | Place    | Note
-------+----------+-------------------------------------------
     0 | D:1      | Zonian the Demonspawn Gladiator began the quest for the
                  | Orb.
     0 | D:1      | Reached XP level 1. HP: 16/16 MP: 1/1
    76 | D:1      | Found a faded altar of an unknown god.
   280 | D:1      | Prayed at the altar of an unknown god.
   280 | D:1      | Became a worshipper of Warmaster Okawaru
   280 | D:1      | Reached * piety under Okawaru
   501 | D:1      | Gained mutation: You regenerate a little health from kills.
                  | [demonic ancestry]
   501 | D:1      | Reached XP level 2. HP: 20/20 MP: 2/2
  1811 | D:2      | Noticed Terence
  1832 | D:2      | HP: 1/22 [frozen (4)]
  2382 | D:2      | Gained mutation: A meltable shield of frost defends you.
                  | (SH +4) [demonic ancestry]
  2382 | D:2      | Reached XP level 3. HP: 22/27 MP: 3/3
  2433 | D:2      | Killed Terence
  2434 | D:2      | Reached skill level 1 in Short Blades
  2843 | D:2      | Gained mutation: Your touch may inflict minor irresistible
                  | damage on your foes. [demonic ancestry]
  2843 | D:2      | Reached XP level 4. HP: 33/34 MP: 4/4
  3966 | D:3      | Gained mutation: You regenerate health from kills. [demonic
                  | ancestry]
  3966 | D:3      | Reached XP level 5. HP: 39/39 MP: 5/5
  3969 | D:3      | Noticed Natasha
  3977 | D:3      | Killed Natasha
  4107 | D:3      | Noticed Natasha
  4116 | D:3      | Killed Natasha
  4117 | D:3      | Reached skill level 1 in Stealth
  4750 | D:4      | Reached ** piety under Okawaru
  4751 | D:4      | Reached XP level 6. HP: 46/46 MP: 6/6
  5299 | D:3      | Noticed Natasha
  5309 | D:3      | Killed Natasha
  5327 | D:3      | Reached skill level 1 in Shields
  5761 | D:4      | Reached skill level 1 in Invocations
  6160 | D:4      | Noticed Sabo's ghost (amateur DsGl)
  6174 | D:4      | Found a runed translucent gate.
  6174 | D:4      | Found a runed translucent gate.
  6174 | D:4      | Found a runed translucent gate.
  6185 | D:4      | Gained mutation: You regenerate a lot of health from kills.
                  | [demonic ancestry]
  6185 | D:4      | Reached XP level 7. HP: 43/52 MP: 6/8
  6205 | D:4      | Noticed a hornet
  6208 | D:4      | Paralysed by a hornet for 2 turns
  6219 | D:4      | HP: 1/52 [hornet (7)]
  6220 | D:4      | Mangled by a hornet

Illustrated notes

Levels and vault maps discovered:
D:1:      tarquinn_simple_flora_water_c, layout_loops_ring,
          basic_ecumenical_altar, hangedman_decor_lopped, minivault_11
D:2:      layout_basic, uniq_terence
D:3:      layout_basic, nicolae_concentric_dashed_squares_mild,
          chequers_big_river, st_stairs_2, amcnicky_mini_corridor_feature,
          kennysheep_nub, minmay_misc_feat_nine_boxes, minmay_fractal_squares_5,
          uniq_natasha
D:4:      layout_rooms, worldfamousw_hep_ancestral_shrine,
          gammafunk_ghost_split, nicolae_shop_fire_sale [nicolae_sub_dead_trees]

Skill      XL: |  1  2  3  4  5  6 |
---------------+-------------------+-----
Polearms       | 3 |  3.0
Dodging        | 3 4 |  4.0
Short Blades   | 1 2 3 4 |  4.2
Stealth        | 1 |  1.6
Shields        | 1 |  1.4
Fighting       | 3 |  3.1
Invocations    | 1 |  1.7
Throwing       | |  1.8

Action                   |  1- 3 |  4- 6 |  7- 9 || total
-------------------------+-------+-------+-------++-------
Melee: Trident           |    21 |       |       ||    21
       Dagger            |   107 |   186 |     7 ||   300
       Touch             |       |    34 |     1 ||    35
Throw: Throwing net      |     3 |       |     1 ||     4
       Dart              |       |       |     1 ||     1
Invok: Heroism           |       |       |     1 ||     1
Evoke: Wand              |       |       |     2 ||     2
  Use: Potion            |     1 |       |     1 ||     2
       Scroll            |       |     7 |       ||     7
 Stab: Sleeping          |     1 |     3 |       ||     4
       Held in net/web   |     1 |       |       ||     1
Armor: Leather armour    |    37 |    30 |     1 ||    68
Dodge: Dodged            |    61 |    78 |    11 ||   150
Block: Other             |     6 |    48 |     5 ||    59

Table legend: (Time is in decaauts)
 A = Elapsed time spent in this place.
 B = Non-inter-level travel time spent in this place.
 C = Inter-level travel time spent in this place.
 D = Time resting spent in this place.
 E = Time spent auto-exploring this place.
 F = Levels seen in this place.
 G = Mean time per level.
                   A        B        C        D        E       F      G
               +--------+--------+--------+--------+--------+-----+--------+
         Total |   6218 |   6096 |    122 |   2689 |   2460 |   4 | 1554.5 |
       Dungeon |   6218 |   6096 |    122 |   2689 |   2460 |   4 | 1554.5 |
               +--------+--------+--------+--------+--------+-----+--------+

Top non-repeatable levels by time:
     D:3: 2270 daAuts
     D:1: 1970 daAuts
     D:2: 1495 daAuts
     D:4: 482 daAuts
